 Dungeon Crawl Stone Soup version 0.29-a0-802-g34511f41fd (webtiles) character file.

Game seed: 17486432514770448646

3 lampshaded the Slasher (level 1, -4/16 HPs)
             Began as a Demonspawn Gladiator on July 3, 2022.
             Slain by a hobgoblin
             ... wielding a +0 club
              (6 damage)
             ... on level 1 of the Dungeon.
             The game lasted 00:00:19 (42 turns).

lampshaded the Slasher (Demonspawn Gladiator)         Turns: 42, Time: 00:00:20

Health: -4/16      AC:  4    Str: 14    XL:     1   Next: 41%
Magic:  1/1        EV: 12    Int:  9    God:
Gold:   0          SH:  0    Dex: 14    Spells: 0/0 levels left

rFire   . . .      SeeInvis .   a - +0 long sword
rCold   . . .      Faith    .   (no shield)
rNeg    . . .      Spirit   .   b - +0 leather armour
rPois   .          Reflect  .   c - +0 helmet
rElec   .          Harm     .   (no cloak)
rCorr   .          Rampage  .   (no gloves)
Will    .....                   (no boots)
Stlth   +.........              (no amulet)
HPRegen 0.05/turn               (no ring)
MPRegen 0.07/turn               (no ring)

@: no status effects
A: no striking features
a: no special abilities


You were on level 1 of the Dungeon.
You visited 1 branch of the dungeon, and saw 1 of its levels.

Inventory:

Hand Weapons
 a - a +0 long sword (weapon)
Missiles
 d - 3 throwing nets (quivered)
 e - a javelin
Armour
 b - a +0 leather armour (worn)
 c - a +0 helmet (worn)


   Skills:
 - Level 2.0 Fighting
 + Level 2.9 Long Blades
 - Level 1.7 Throwing
 - Level 2.6 Dodging


You couldn't memorise any spells.
You didn't know any spells.
Your spell library was empty.

Dungeon Overview and Level Annotations

Branches:
Dungeon (1/15)

Altars:


Message History

A frilled lizard comes into view.
The frilled lizard hisses angrily.
Found a gold piece.
The giant cockroach closely misses you.
You hit the giant cockroach.
The giant cockroach is almost dead.
The giant cockroach barely misses you.
A hobgoblin comes into view. It is wielding a +0 club.
The giant cockroach closely misses you.
You barely miss the giant cockroach.
The giant cockroach is almost dead.
The giant cockroach completely misses you.
The frilled lizard closely misses you.
The hobgoblin shouts!
You hit the giant cockroach.
You kill the giant cockroach!
The frilled lizard bites you but does no damage.
You miss the frilled lizard. The frilled lizard closely misses you.
You closely miss the frilled lizard. The frilled lizard misses you.
The frilled lizard unfolds its giant frill.
The frilled lizard closely misses you.
You barely miss the frilled lizard. The frilled lizard misses you.
You closely miss the frilled lizard.
A frilled lizard comes into view.
The frilled lizard bites you.
You barely miss the frilled lizard.
The frilled lizard hisses angrily.
The hobgoblin closely misses you. The frilled lizard barely misses you.
You slash the frilled lizard!
You kill the frilled lizard!
The hobgoblin barely misses you. The hobgoblin hits you with a +0 club.
You barely miss the hobgoblin. The hobgoblin hits you with a +0 club.
You hit the hobgoblin but do no damage. The hobgoblin hits you with a +0 club.
You barely miss the hobgoblin. The hobgoblin hits you with a +0 club!
* * * LOW HITPOINT WARNING * * *
You are too injured to fight recklessly!
The frilled lizard attacks as you move away!
The frilled lizard barely misses you.
You closely miss the frilled lizard. The frilled lizard misses you.
The hobgoblin hits you with a +0 club.
You die...

#$....# #.....#
#.....# #######.....#
............#
............#
.......†...#
...........# .
.......l@..###...
.....!.g.........
#########..###...#
##[###.... #.........
#######.#.#.....
#...............
#.#####.........
#######.########..#...


You could see a hobgoblin and a frilled lizard.

Vanquished Creatures
  A giant cockroach (D:1)
  A frilled lizard (D:1)
  2 rats (D:1)
4 creatures vanquished.

Notes
Turn   | Place    | Note
-------+----------+-------------------------------------------
     0 | D:1      | lampshaded the Demonspawn Gladiator began the quest for the
                  | Orb.
     0 | D:1      | Reached XP level 1. HP: 16/16 MP: 1/1
    42 | D:1      | Slain by a hobgoblin

Illustrated notes

Levels and vault maps discovered:
D:1:      dpeg_arrival_shrine, layout_basic, lemuel_old_faithful

Action                   || total
-------------------------++-------
Melee: Long sword        ||    17
Armor: Leather armour    ||     2
Dodge: Dodged            ||    16

Table legend: (Time is in decaauts)
 A = Elapsed time spent in this place.
 B = Non-inter-level travel time spent in this place.
 C = Inter-level travel time spent in this place.
 D = Time resting spent in this place.
 E = Time spent auto-exploring this place.
 F = Levels seen in this place.
 G = Mean time per level.
                   A        B        C        D        E       F      G
               +--------+--------+--------+--------+--------+-----+--------+
         Total |     46 |     46 |      0 |      2 |     13 |   1 |   46.0 |
       Dungeon |     46 |     46 |      0 |      2 |     13 |   1 |   46.0 |
               +--------+--------+--------+--------+--------+-----+--------+

Top non-repeatable levels by time:
     D:1: 46 daAuts
